 Dungeon Crawl Stone Soup version 0.30.1-11-g7821555f0a (webtiles) character file.

Game seed: 8912799954060562670

271 Martska the Trooper (level 6, -6/49 HPs)
             Began as a Demonspawn Fighter on Dec 13, 2023.
             Mangled by a kobold
             ... wielding a +3 whip of distortion
              (20 damage)
             ... on level 2 of the Dungeon.
             The game lasted 00:02:55 (2275 turns).

Martska the Trooper (Demonspawn Fighter)            Turns: 2275, Time: 00:02:56

Health: -6/49      AC:  6    Str: 18    XL:     6   Next: 2%
Magic:  6/6        EV: 10    Int:  9    God:
Gold:   111        SH: 10    Dex: 13    Spells: 5/5 levels left

rFire   . . .        q - +2 dagger (venom)
rCold   . . .        c - +0 buckler
rNeg    . . .        b - +0 scale mail
rPois   .            (helmet restricted)
rElec   .            (no cloak)
rCorr   .            (no gloves)
SInv    .            (no boots)
Will    .....        p - amulet of reflection Stlth
                     (no ring)
HPRegen 0.28/turn    (no ring)
MPRegen 0.10/turn

%: reflection
@: no status effects
A: horns 2, demonic guardian 1, foul stench 1
a: no special abilities


You were on level 2 of the Dungeon.
You visited 1 branch of the dungeon, and saw 3 of its levels.

You collected 111 gold pieces.

Inventory:

Hand Weapons
 a - a +0 war axe
 h - a +0 short sword of draining
 q - a +2 dagger of venom (weapon)
Armour
 b - a +0 scale mail (worn)
 c - a +0 buckler (worn)
Jewellery
 g - an amulet of faith
 p - an amulet of reflection (around neck)
Wands
 k - a wand of digging (3)
 r - a wand of paralysis (13)
Scrolls
 e - 2 scrolls of magic mapping {unknown}
 f - a scroll of noise {unknown}
 i - a scroll of poison {unknown}
 m - a scroll of identify {unknown}
 n - a scroll of teleportation {unknown}
Potions
 d - a potion of might
 j - a potion of heal wounds {unknown}
 l - a potion of ambrosia {unknown}
 o - a potion of berserk rage {unknown}


   Skills:
 * Level 4.5 Fighting
 - Level 1.7 Axes
 + Level 3.5 Armour
 * Level 2.9 Dodging
 + Level 3.5 Shields


You had 5 spell levels left.
You didn't know any spells.
Your spell library contained the following spells:

 Spells                   Type           Power      Damage    Failure   Level
 Magic Dart               Conj           0%         1d3       85%         1
 Call Imp                 Summ           0%         N/A       94%         2
 Mephitic Cloud           Conj/Pois/Air  0%         N/A       99%         3


Dungeon Overview and Level Annotations

Branches:
Dungeon (3/15)

Altars:

Shops:
D:1 [!(*?   D:3 ([

Annotations:
D:3 Goboxel's ghost, amateur DsGl


Innate Abilities, Weirdness & Mutations

You have a pair of horns on your head.
A weak demonic guardian rushes to your aid.
You may rarely emit foul miasma when damaged in melee.


Message History

The kobold completely misses you.
You climb upwards.
There is a stone staircase leading down here.
You closely miss the kobold. You headbutt the kobold.
The kobold is heavily wounded.
You block the kobold's attack. The kobold hits you with a +0 whip.
You hit the kobold.
You kill the kobold!
The kobold hits you with a +0 short sword.
You block the kobold's attack.
You see here a +0 whip.
You hit the kobold.
You kill the kobold!
Things that are here:
a +0 short sword; a stone; a kobold corpse
There is a stone staircase leading down here.
You climb downwards.
Level annotation: Goboxel's ghost, amateur DsGl The kobold brigand throws a poisoned dart.
You block the poisoned dart with an invisible shield... and reflect it back!
The poisoned dart barely misses the kobold brigand.
The kobold hits you with a +1 short sword of pain.
The kobold hits you with a +3 whip of distortion.
Space warps horribly around you!! The kobold barely misses you.
The kobold hits you but does no damage.
There is a stone staircase leading up here.
The kobold throws a poisoned dart.
The poisoned dart closely misses you. You block the kobold's attack. x2
The kobold hits you with a +3 whip of distortion.
Space warps around you.
* * * LOW HITPOINT WARNING * * *
You climb upwards.
There is a stone staircase leading down here.
The kobold hits you but does no damage. The kobold closely misses you.
You see here a +0 whip.
The kobold attacks as you move away! The kobold barely misses you.
The kobold completely misses you. The kobold attacks as you move away!
The kobold hits you but does no damage. Space warps horribly around you!!
You die...

.# ##..[##...#
#######.#
<######(...##...#
#.#
..............(.#
#.#
#.#####...##.#.>#
#.# #.# ##.####.()#
#.# ..# #.# ##..#
#.# ### #.# #KK# #.#
#.# #KK### #####.#
#.#
#..@.#########.....#
#.#
#...................
#.#
#....###.#####.#####
##.##
#.#............#
##...##
#.#.####...#####
##.....#####.# #####
#............#
##.....#######
##...##


You could see 4 kobolds.

Vanquished Creatures
  A kobold brigand (D:3)
  Terence (D:2)
  Natasha (thrice) (D:2)
  4 adders
  2 worms (D:2)
  A dart slug (D:3)
  7 ball pythons
  5 endoplasms
  2 giant cockroaches
  4 goblins (D:1)
  7 hobgoblins
  2 quokkas
  5 bats
  A frilled lizard (D:1)
  15 kobolds
  2 rats
62 creatures vanquished.

Notes
Turn   | Place    | Note
-------+----------+-------------------------------------------
     0 | D:1      | Martska the Demonspawn Fighter began the quest for the Orb.
     0 | D:1      | Reached XP level 1. HP: 18/18 MP: 1/1
   145 | D:1      | Found Dusen's Antique Weapon Emporium.
   197 | D:1      | Found Paomasm's General Store.
   213 | D:1      | Gained mutation: A weak demonic guardian rushes to your
                  | aid. [demonic ancestry]
   213 | D:1      | Reached XP level 2. HP: 18/24 MP: 2/2
   222 | D:1      | Reached skill level 1 in Dodging
   263 | D:1      | Found Ylyh's Magic Scroll Shop.
   327 | D:1      | Found Ceoxott's Armour Shop.
   480 | D:1      | Found Onyim's Distillery.
   966 | D:2      | Gained mutation: You have a pair of small horns on your
                  | head. [demonic ancestry]
   966 | D:2      | Reached XP level 3. HP: 29/29 MP: 3/3
  1015 | D:2      | Noticed Natasha
  1028 | D:2      | Killed Natasha
  1088 | D:2      | Noticed Natasha
  1097 | D:2      | Killed Natasha
  1098 | D:2      | Gained mutation: You may rarely emit foul miasma when
                  | damaged in melee. [demonic ancestry]
  1098 | D:2      | Reached XP level 4. HP: 10/37 MP: 4/4
  1279 | D:2      | Noticed Terence
  1290 | D:2      | Killed Terence
  1291 | D:2      | Reached skill level 4 in Fighting
  1336 | D:2      | Noticed Natasha
  1342 | D:2      | Killed Natasha
  1343 | D:2      | Gained mutation: You have a pair of horns on your head.
                  | [demonic ancestry]
  1343 | D:2      | Reached XP level 5. HP: 34/42 MP: 5/5
  1405 | D:2      | Found a faded altar of an unknown god.
  1882 | D:3      | Found Noxula's Armour Shoppe.
  1944 | D:3      | Found Esyl's Antique Weapon Emporium.
  2193 | D:3      | Reached XP level 6. HP: 49/49 MP: 6/6
  2205 | D:3      | Found a runed translucent gate.
  2206 | D:3      | Found a runed translucent gate.
  2206 | D:3      | Noticed Goboxel's ghost (amateur DsGl)
  2207 | D:3      | Found a runed translucent gate.
  2275 | D:2      | Mangled by a kobold

Illustrated notes

Levels and vault maps discovered:
D:1:      noname_arrival_rooms_in_the_neighbourhood, layout_basic, serial_shops,
          nicolae_shop_waterfront, shop,
          nicolae_shop_competitors_out_of_business, shop, shop,
          kennysheep_nondescript
D:2:      layout_loops_ring, dilly_ecumenical_altar_fadedgnrine, uniq_terence,
          uniq_natasha
D:3:      cheibrodos_thug_alley, layout_basic, dancing_weapons_uskayaw,
          lemuel_crystal_altar, serial_glass, glass_columns_a, glass_columns_c,
          gammafunk_ghost_nasty_kobolds, serial_shops, shop, shop,
          nicolae_shop_back_alley_shop, shop, shop, uniq_ijyb

Skill      XL: |  1  2  3  4 |
---------------+-------------+-----
Dodging        | 1 2 |  2.9
Armour         | 3 |  3.5
Shields        | 3 |  3.5
Fighting       | 4 |  4.5
Axes           | |  1.7

Action                     |  1- 3 |  4- 6 || total
---------------------------+-------+-------++-------
  Melee: War axe           |    50 |       ||    50
         Short sword       |    25 |    98 ||   123
         Headbutt          |     3 |    18 ||    21
         Dagger            |       |     8 ||     8
 Armour: Scale mail        |    34 |    41 ||    75
  Dodge: Dodged            |    39 |    52 ||    91
  Block: Buckler           |    15 |    35 ||    50
         Reflection        |       |     3 ||     3
